AoeStats
← Caronte

Black Forest

506246160Analyzed
4v4 RM · 20d ago on Sep 12, 2026· 57m 22s· 8 players
Game mode
Random Map
Map size
Large (8 player)
Population
200
Speed
Normal
Resources
Standard
Victory
Conquest
Starting age
Dark Age
Ending age
Imperial Age
RankedLock teamsTeams togetherTeam positionsShared explorationLock speedFull tech treeHidden civsTurbo modeCheats
Victory
Defeat
🇨🇴 Saracens · Colombia
885
+17
🇨🇴 Britons · Colombia
875
+18
🇵🇪 Khitans · Peru
861
+18
🇨🇴 Teutons · Colombia
779
+21
🇨🇱 Britons · Chile
1046
-23
🇦🇷 Ethiopians · Argentina
910
-19
🇨🇱 Turks · Chile
865
-17
🇨🇱 Goths · Chile
815
-15
Yggdrasil
0:33 Loom
1:16 Loom
12:31 Feudal Age
13:08 Double-Bit Axe
13:10 Fishing Lines
13:22 Domestication
17:08 Wheelbarrow
21:08 Castle Age
19:40 Stone Mining
19:45 Gold Mining
21:52 Forging
22:04 Gillnets
22:16 Pastoralism
22:29 Bow Saw
24:54 Stone Shaft Mining
25:17 Town Watch
25:54 Hand Cart
26:32 Town Patrol
27:19 Fervor
27:18 Treadmill Crane
28:17 Iron Casting
28:08 Fortified Wall
28:43 Sanctity
30:17 Husbandry
33:48 Imperial Age
32:19 Scale Barding Armor
32:05 Fletching
32:39 Ballistics
32:03 Light Cavalry
34:10 Thumb Ring
33:26 Heavy Cavalry Archer
35:41 Transhumance
35:36 Chain Barding Armor
35:12 Bodkin Arrow
36:24 Chemistry
37:13 Two-Man Saw
36:55 Caravan
37:40 Parthian Tactics
36:39 Elite Steppe Lancer
36:42 Elite Skirmisher
37:10 Gambesons
37:26 Squires
37:50 Bracer
37:51 Padded Archer Armor
38:31 Conscription
37:38 Heavy Rocket Cart
39:00 Ordo Cavalry
41:57 Plate Barding Armor
55:14 Leather Archer Armor
55:09 Siege Engineers
56:07 Lamellar Armor
killertotum
0:30 Loom
15:29 Feudal Age
16:01 Horse Collar
16:09 Double-Bit Axe
23:38 Castle Age
25:26 Bow Saw
25:40 Heavy Plow
27:11 Gold Mining
27:37 Stone Mining
29:08 Gold Shaft Mining
29:09 Ballistics
33:27 Imperial Age
34:11 Fortified Wall
33:45 Treadmill Crane
34:47 Counterweights
37:18 Two-Man Saw
38:49 Chemistry
39:31 Conscription
39:25 Elite Mameluke
54:52 Elite Skirmisher
55:40 Thumb Ring
56:05 Fletching
56:16 Padded Archer Armor
56:27 Forging
56:18 Scale Mail Armor
56:24 Scale Barding Armor
Deryuro
0:31 Loom
12:56 Feudal Age
15:40 Town Watch
17:13 Horse Collar
17:23 Double-Bit Axe
21:35 Castle Age
19:50 Stone Mining
20:35 Gold Mining
22:40 Caravan
23:02 Heavy Plow
24:40 Forging
24:35 Scale Mail Armor
24:41 Scale Barding Armor
25:21 Bow Saw
34:01 Imperial Age
32:52 Wheelbarrow
33:18 Bloodlines
34:23 Chain Barding Armor
34:39 Iron Casting
35:49 Onager
36:22 Cavalier
39:06 Blast Furnace
40:21 Conscription
40:27 Elite Teutonic Knight
45:18 Chain Mail Armor
45:49 Hand Cart
50:27 Plate Mail Armor
EL IMPERIO
3:18 Loom
12:01 Feudal Age
13:51 Double-Bit Axe
13:49 Horse Collar
19:55 Castle Age
18:47 Gold Mining
18:48 Stone Mining
20:10 Wheelbarrow
21:27 Bow Saw
21:23 Heavy Plow
31:35 Imperial Age
29:58 Gold Shaft Mining
29:43 Hand Cart
30:02 Fletching
30:13 Padded Archer Armor
30:24 Forging
30:20 Scale Barding Armor
30:48 Yeomen
31:14 Ballistics
31:10 Fortified Wall
31:51 Bodkin Arrow
32:12 Leather Archer Armor
31:27 Light Cavalry
32:08 Husbandry
32:40 Conscription
32:32 Elite Longbowman
34:07 Iron Casting
34:00 Chain Barding Armor
33:49 Warwolf
35:21 Chemistry
35:02 Siege Engineers
35:18 Bracer
36:19 Ring Archer Armor
37:04 Blast Furnace
36:45 Caravan
38:16 Plate Barding Armor
43:38 Cavalier
Zebasquez
14:14 Feudal Age
19:26 Castle Age
17:46 Double-Bit Axe
26:49 Horse Collar
29:38 Heavy Plow
32:12 Anarchy
35:56 Imperial Age
33:55 Gold Mining
36:15 Squires
37:33 Crop Rotation
37:46 Wheelbarrow
36:59 Loom
37:03 Town Watch
37:22 Elite Huskarl
38:04 Perfusion
38:26 Conscription
38:27 Forging
38:17 Scale Mail Armor
39:53 Iron Casting
43:48 Blast Furnace
43:58 Caravan
44:52 Hand Cart
44:41 Town Patrol
47:29 Chain Mail Armor
47:20 Scale Barding Armor
56:31 Pikeman
Benja(susu)
4:56 Loom
11:06 Feudal Age
12:48 Double-Bit Axe
13:41 Horse Collar
16:35 Castle Age
19:04 Bow Saw
20:55 Heavy Plow
22:51 Gold Mining
25:33 Wheelbarrow
26:21 Gold Shaft Mining
25:41 Stone Mining
26:50 Hand Cart
28:20 Treadmill Crane
28:42 Fletching
31:47 Imperial Age
29:32 Caravan
28:59 Crossbowman
29:37 Bodkin Arrow
30:06 Ballistics
30:35 Town Watch
31:06 Murder Holes
31:57 Padded Archer Armor
32:41 Yeomen
32:31 Town Patrol
32:39 Bracer
32:55 Leather Archer Armor
32:02 Arbalester
33:47 Chemistry
32:57 Siege Engineers
33:08 Elite Longbowman
35:25 Two-Man Saw
35:01 Ring Archer Armor
35:12 Warwolf
Shelo
0:36 Loom
12:32 Feudal Age
14:12 Double-Bit Axe
17:28 Wheelbarrow
20:18 Castle Age
24:35 Bow Saw
24:08 Horse Collar
26:22 Caravan
28:32 Hand Cart
28:02 Town Watch
29:30 Town Patrol
30:09 Fletching
30:21 Padded Archer Armor
33:06 Thumb Ring
36:34 Imperial Age
35:22 Heavy Plow
35:54 Ballistics
36:51 Treadmill Crane
37:35 Bombard Tower
37:52 Conscription
36:53 Elite Janissary
39:14 Scale Barding Armor
39:20 Forging
39:19 Husbandry
39:35 Bloodlines
45:28 Cavalier
47:18 Iron Casting
47:03 Chain Barding Armor
49:24 Blast Furnace
54:51 Two-Man Saw
Caronte
0:30 Loom
11:42 Feudal Age
12:19 Double-Bit Axe
13:11 Wheelbarrow
12:20 Horse Collar
18:49 Castle Age
17:07 Stone Mining
20:54 Gold Mining
21:56 Hand Cart
24:26 Heavy Plow
25:46 Forging
25:37 Scale Mail Armor
25:38 Padded Archer Armor
25:29 Fletching
26:29 Bow Saw
29:03 Caravan
32:00 Imperial Age
30:57 Gold Shaft Mining
30:00 Crossbowman
30:59 Leather Archer Armor
31:20 Thumb Ring
32:04 Bodkin Arrow
32:29 Arbalester
34:34 Chemistry
33:28 Town Watch
34:47 Conscription
34:35 Siege Engineers
35:06 Ring Archer Armor
35:00 Squires
36:21 Ballistics
37:27 Iron Casting
37:04 Town Patrol
37:27 Arson
38:28 Bracer
38:05 Heavy Scorpion
38:30 Halberdier
43:17 Elite Shotel Warrior
50:06 Chain Mail Armor
50:51 Blast Furnace
49:28 Heavy Camel Rider
50:09 Husbandry
52:27 Royal Heirs
Connection lost

Rejoining the realm…

Still unreachable

The connection could not be restored.

Session expired

The server has moved on; the page needs a fresh start.